 Dungeon Crawl Stone Soup version 0.31-a0-214-gb37851dbb3 (webtiles) character file.

Game seed: 15429575385443984819

99 BubbleThief the Insei (level 4, -4/30 HPs)
             Began as an Octopode Transmuter on July 2, 2023.
             Slain by a gnoll
             ... wielding a +0 flail
              (6 damage)
             ... on level 3 of the Dungeon.
             The game lasted 00:03:10 (1676 turns).

BubbleThief the Insei (Octopode Transmuter)         Turns: 1676, Time: 00:03:11

Health: -4/30      AC:  1    Str: 11    XL:     4   Next: 72%
Magic:  4/7        EV: 13    Int: 15    God:
Gold:   75         SH:  0    Dex: 12    Spells: 4/7 levels left

rFire   . .          .
                       - Unarmed
rCold   . . .        (no shield)
rNeg    . . .        (helmet currently unavailable)
rPois   .            (no amulet)
rElec   .            (no ring)
rCorr   .            (no ring)
SInv    .            (no ring)
Will    .....        (no ring)
Stlth   ++           (no ring)
HPRegen 0.25/turn    (no ring)
MPRegen 0.10/turn    (no ring)
                     (no ring)

%: no passive effects
@: appendages (expiring), wereblooded
A: tentacle spike 3, almost no armour, amphibious, 8 rings, camouflage 1,
gelatinous body 1, (nimble swimmer 1), tentacles
a: End Transformation


You were on level 3 of the Dungeon.
One of your tentacles had grown a beastly spike.
You visited 1 branch of the dungeon, and saw 3 of its levels.

You collected 75 gold pieces.

Inventory:

Scrolls
 b - a scroll of fear {unknown}
 d - 2 scrolls of vulnerability {unknown}
 e - a scroll of enchant armour {unknown}
 f - a scroll of amnesia {unknown}
 g - 6 scrolls of identify {unknown}
 h - a scroll of fog {unknown}
 i - a scroll of poison {unknown}
 j - a scroll of silence {unknown}
 k - a scroll of torment {unknown}
 l - 3 scrolls of noise {unknown}
 o - a scroll of revelation {unknown}
 p - a scroll of teleportation {unknown}
Potions
 a - a potion of lignification
 c - a potion of might {unknown}
 m - a potion of invisibility {unknown}
 n - 2 potions of haste {unknown}


   Skills:
 + Level 2.4 Fighting
 - Level 2.3 Dodging
 + Level 3.7 Unarmed Combat
 - Level 2.0 Spellcasting
 + Level 3.0 Transmutations


You had 4 spell levels left.
You knew the following spells:

 Your Spells              Type           Power      Damage    Failure   Level
a - Beastly Appendage     Tmut           20%        N/A       6%          1
b - Wereblood             Tmut           10%        N/A       10%         2

Your spell library contained the following spells:

 Spells                   Type           Power      Damage    Failure   Level
 Spider Form              Tmut/Pois      6%         N/A       34%         3
 Ice Form                 Ice/Tmut       6%         N/A       75%         4


Dungeon Overview and Level Annotations

Branches:
Dungeon (3/15)

Altars:


Innate Abilities, Weirdness & Mutations

One of your tentacles has grown a beastly spike.
You cannot wear most types of armour.
You are amphibious.
You can wear up to eight rings at the same time.
Your skin changes colour to match your surroundings (Stealth+).
Your rubbery body absorbs attacks. (AC +1, EV +1)
((You are camouflaged when in or above water. (Stealth+)))
You have tentacles for arms and can constrict up to eight enemies at once.


Message History

A gnoll comes into view. It is wielding a +0 flail.
The gnoll closely misses you. The gnoll hits you with a +0 whip.
The gnoll shouts!
You tentacle-slap the gnoll. Your grab misses the gnoll.
You pierce the gnoll.
The gnoll is severely wounded.
The gnoll misses you. The gnoll hits you with a +0 whip!
Unknown command.
You tentacle-slap the gnoll but do no damage.
You grab the gnoll.
You pierce the gnoll, but do no damage.
The gnoll is severely wounded.
You constrict the gnoll. The gnoll hits you with a +0 whip.
The gnoll closely misses you.
Unknown command.
You tentacle-slap the gnoll but do no damage.
You pierce the gnoll, but do no damage.
You squeeze the gnoll.
You feel a bit better.
You kill the gnoll!
The gnoll barely misses you.
Unknown command.
You barely miss the gnoll. You grab the gnoll.
You constrict the gnoll, but do no damage.
The gnoll barely misses you. The gnoll closely misses you.
Unknown command.
You tentacle-slap the gnoll.
You pierce the gnoll.
The gnoll is moderately wounded.
You constrict the gnoll. The gnoll hits you with a +0 flail!
The gnoll misses you.
You tentacle-slap the gnoll.
You pierce the gnoll.
You squeeze the gnoll.
The gnoll is severely wounded.
Your transformation is almost over.
You constrict the gnoll. The gnoll misses you.
The gnoll hits you with a +0 whip!
* * * LOW HITPOINT WARNING * * *
Unknown command.
You tentacle-slap the gnoll but do no damage.
You pierce the gnoll.
You feel a bit better.
You kill the gnoll!
You howl as the wereblood boils in your veins!
The gnoll hits you with a +0 flail.
You die...

.....# .).#.# #######
...#.## #.....######
...#..#######..$.......###..
...##......##..........'....
....######.# #....)..# ..<.#
#†## #.).....# ....# #..#
#.......# ....# ##.##
#@).....# ....#
#..###g####### ....#
#............. ....#
#......####### #.......#
#.......# #######... ##..
##.


You could see a gnoll.

Vanquished Creatures
  2 gnolls (D:3)
  2 adders (D:2)
  A worm (D:3)
  2 dart slugs
  An orc (D:3)
  5 bats
  9 endoplasms
  5 giant cockroaches
  5 goblins
  2 hobgoblins (D:1)
  2 jackals (D:1)
  3 quokkas
  7 ball pythons
  4 frilled lizards (D:1)
  8 kobolds
  A rat (D:2)
59 creatures vanquished.

Notes
Turn   | Place    | Note
-------+----------+-------------------------------------------
     0 | D:1      | BubbleThief the Octopode Transmuter began the quest for the
                  | Orb.
     0 | D:1      | Reached XP level 1. HP: 13/13 MP: 3/3
   119 | D:1      | Reached XP level 2. HP: 16/18 MP: 3/5
   483 | D:1      | Reached XP level 3. HP: 11/23 MP: 4/6
   938 | D:2      | Learned a level 2 spell: Wereblood
  1063 | D:2      | Reached XP level 4. HP: 29/29 MP: 5/7
  1499 | D:3      | Found a faded altar of an unknown god.
  1675 | D:3      | HP: 1/30 [gnoll/+0 whip (11)]
  1676 | D:3      | Slain by a gnoll

Illustrated notes

Levels and vault maps discovered:
D:1:      tarquinn_simple_flora_water_f, layout_rooms,
          chequers_serial_rivers_micro_b
D:2:      layout_rooms, kennysheep_generic_room_13
D:3:      layout_basic, shapermc_ecumenical_altar_venn

Skill      XL: |  1  2  3  4 |
---------------+-------------+-----
Fighting       | 2 |  2.4
Transmutations | 3 |  3.0
Dodging        | |  2.3
Unarmed Combat | |  3.7
Spellcasting   | |  2.0

Action                     |  1- 3 |  4- 6 || total
---------------------------+-------+-------++-------
  Melee: Unarmed           |    85 |    38 ||   123
         Kick              |    28 |    19 ||    47
         Constrict         |    19 |    13 ||    32
         Tentacles         |     8 |     8 ||    16
   Cast: Beastly Appendage |    24 |    13 ||    37
         Wereblood         |       |     1 ||     1
   Stab: Sleeping          |     7 |     3 ||    10
 Armour: Skin              |     4 |     2 ||     6
  Dodge: Dodged            |    53 |    25 ||    78

Table legend: (Time is in decaauts)
 A = Elapsed time spent in this place.
 B = Non-inter-level travel time spent in this place.
 C = Inter-level travel time spent in this place.
 D = Time resting spent in this place.
 E = Time spent auto-exploring this place.
 F = Levels seen in this place.
 G = Mean time per level.
                   A        B        C        D        E       F      G
               +--------+--------+--------+--------+--------+-----+--------+
         Total |   1667 |   1613 |     54 |      0 |   1219 |   3 |  555.7 |
       Dungeon |   1667 |   1613 |     54 |      0 |   1219 |   3 |  555.7 |
               +--------+--------+--------+--------+--------+-----+--------+

Top non-repeatable levels by time:
     D:1: 844 daAuts
     D:2: 572 daAuts
     D:3: 251 daAuts
